 Dungeon Crawl Stone Soup version 0.27.1-1-g398f81649c (webtiles) character file.

Game seed: 16201942327669841027

6364 wilberforce the Basher (level 10, -4/91 HPs)
             Began as a Minotaur Fighter on Sept 10, 2021.
             Was a Priest of Okawaru.
             Slain by a two-headed ogre (19 damage)
             ... on level 9 of the Dungeon.
             The game lasted 00:31:35 (11649 turns).

wilberforce the Basher (Minotaur Fighter)          Turns: 11649, Time: 00:31:36

Health: -4/91      AC: 19    Str: 20    XL:     10   Next: 65%
Magic:  8/9        EV:  7    Int:  5    God:    Okawaru [***...]
Gold:   1005       SH:  0    Dex: 14    Spells: 9/9 levels left

rFire    . . .     SeeInvis .   a - +3 flail (flame)
rCold    + . .     Faith    .   c - +1 kite shield
rNeg     . . .     Spirit   .   x - +3 plate armour
rPois    .         Reflect  .   (helmet restricted)
rElec    .         Harm     .   d - +0 cloak
rCorr    .         Rampage  .   (no gloves)
Will     .....                  j - +0 pair of boots
Stlth    ..........             (no amulet)
HPRegen  0.25/turn              r - ring of protection from cold
MPRegen  0.11/turn              (no ring)

@: confused
A: horns 2, retaliatory headbutt
a: Renounce Religion, Heroism


You were on level 9 of the Dungeon.
You worshipped Okawaru.
Okawaru was most pleased with you.
You visited 2 branches of the dungeon, and saw 10 of its levels.
You also visited: Sewer.

You collected 1557 gold pieces.
You spent 552 gold pieces at shops.

Inventory:

Hand Weapons
 a - a +3 flail of flaming (weapon)
 b - a +1 flail of holy wrath
 p - a +1 flail of protection
 v - a +0 hand crossbow of flaming
Missiles
 o - 41 poisoned darts
 w - 66 bolts
Armour
 c - a +1 kite shield (worn)
 d - a +0 cloak (worn)
 j - a +0 pair of boots (worn)
 x - a +3 plate armour (worn)
Jewellery
 l - an amulet of faith
 r - a ring of protection from cold (left hand)
Wands
 n - a wand of polymorph (8) (quivered)
 q - a wand of flame (18)
 y - a wand of charming (8)
 z - a wand of acid (12)
Scrolls
 e - 2 scrolls of enchant armour
 i - 4 scrolls of identify
 k - 4 scrolls of teleportation
 m - 5 scrolls of fear
 s - 2 scrolls of fog
Potions
 g - a potion of attraction
 h - 2 potions of curing
 t - a potion of flight


   Skills:
 + Level 9.0 Fighting
 * Level 10.8 Maces & Flails
 + Level 3.5 Crossbows
 - Level 3.0 Throwing
 + Level 9.0 Armour
 + Level 4.6 Dodging
 + Level 9.0 Shields


You had 9 spell levels left.
You didn't know any spells.
Your spell library contained the following spells:

 Spells                   Type           Power      Damage    Failure   Level
 Dazzling Flash           Conj/Hex       0%         N/A       100%        3
 Agony                    Necr           0%         N/A       100%        5
 Silence                  Hex/Air        0%         N/A       100%        5


Dungeon Overview and Level Annotations

Branches:
Dungeon (9/15)             Temple (1/1) D:7           Sewer (visited)
   Lair: D:8-11         Orc: D:9-12

Altars:
Ashenzari
Cheibriados
Elyvilon
Fedhas
Gozag
Hepliaklqana
Kikubaaqudgha
Makhleb
Nemelex Xobeh
Okawaru
Ru
Sif Muna
Trog
Uskayaw
Vehumet
Wu Jian
Xom
Yredelemnul
Zin
The Shining One

Shops:
D:2 ?

Annotations:
D:7 1 runed translucent door


Innate Abilities, Weirdness & Mutations

You have a pair of horns on your head.
You reflexively headbutt those who attack you in melee.


Message History

The centaur shoots an arrow.
You block the arrow.
The centaur wields a +1 shortbow of freezing.
It is covered in frost.
The centaur shoots an arrow.
You block the arrow.
The centaur shoots an arrow.
You block the arrow.
The centaur shoots an arrow.
The arrow hits you but does no damage.
The centaur simulacrum enters a dispersal trap!
The orc warrior blinks!
The gnoll shaman blinks!
The centaur blinks!
You blink.
A two-headed ogre comes into view.
It is wielding two +0 giant spiked clubs.
The two-headed ogre shouts in stereo!
You sock the two-headed ogre! You burn the two-headed ogre.
Your headbutt misses the two-headed ogre.
The two-headed ogre is lightly wounded.
The two-headed ogre hits you with a +0 giant spiked club!
You block the two-headed ogre's attack.
You are too injured to fight recklessly!
You are too injured to fight recklessly!
You are too injured to fight recklessly!
You sock the two-headed ogre! You burn the two-headed ogre.
The two-headed ogre is moderately wounded.
You feel like a meek peon again.
You hit the two-headed ogre. You burn the two-headed ogre.
The two-headed ogre is moderately wounded.
The two-headed ogre barely misses you. You block the two-headed ogre's attack.
The centaur shoots an arrow.
The arrow hits you.
You hit the two-headed ogre. You burn the two-headed ogre.
You headbutt the two-headed ogre!
The two-headed ogre is heavily wounded.
You hear some strange, mumbled words.
You are confused.
The centaur shoots an arrow.
The two-headed ogre hits you but does no damage.
The two-headed ogre hits you with a +0 giant spiked club!!
* * * LOW HITPOINT WARNING * * *
You're too confused to move!
Something hits you but does no damage.
The two-headed ogre completely misses you. x2
You bump into the rock wall.
Something hits you but does no damage.
You hit the two-headed ogre. You burn the two-headed ogre.
The two-headed ogre is severely wounded.
The two-headed ogre hits you with a +0 giant spiked club!!
You die...

.##############.#
................#
###############.#
#.# #.#
########.#
.........#
.........#####
#######.O@{gc#
######c## #..#
##§# #.# #...§##
##.{§ $.§..
#Z8#Zg.


You could see a two-headed ogre, 2 centaurs and a gnoll shaman.

Vanquished Creatures
  A fire dragon (D:9)
  A deep elf pyromancer (D:6)
  A harpy (D:9)
  A hornet (D:7)
  A troll (D:8)
  3 yaks (D:9)
  A steam dragon (D:5)
  Edmund (D:5)
  Duvessa (D:7)
  A sky beast (D:6)
  3 orc warriors (D:7)
  3 necrophages
  3 black bears
  An ogre (D:6)
  2 centaurs
  A phantom (D:4)
  2 kobold brigands
  4 bullfrogs
  3 scorpions
  Dowan (D:7)
  2 wyvern skeletons
  7 killer bees
  3 wights (D:9)
  2 electric eels (D:9)
  A howler monkey (D:9)
  2 centaur zombies (D:6)
  A hound (D:4)
  A bullfrog skeleton (D:6)
  A centaur skeleton (D:7)
  2 gnoll shamans
  8 orc priests
  Jessica (D:3)
  A human skeleton (D:7)
  8 orc wizards
  4 adders
  23 gnolls
  A shadow imp (D:5)
  An adder skeleton (D:5)
  A worm (D:3)
  2 dart slugs
  22 orcs
  5 endoplasms
  8 giant cockroaches
  9 goblins
  5 hobgoblins
  11 jackals
  12 quokkas
  9 ball pythons
  6 bats
  10 frilled lizards
  23 kobolds
  12 rats
239 creatures vanquished.

Notes
Turn   | Place    | Note
-------+----------+-------------------------------------------
     0 | D:1      | wilberforce the Minotaur Fighter began the quest for the
                  | Orb.
     0 | D:1      | Reached XP level 1. HP: 19/19 MP: 0/0
   164 | D:1      | Found a faded altar of an unknown god.
   177 | D:1      | Reached XP level 2. HP: 27/27 MP: 1/1
   471 | D:1      | Reached skill level 3 in Maces & Flails
   555 | D:1      | Reached XP level 3. HP: 33/33 MP: 2/2
  1245 | D:2      | Found Fycweo's Magic Scroll Shoppe.
  1258 | D:2      | Bought a scroll of enchant armour for 90 gold pieces
  1258 | D:2      | Bought a scroll of identify for 24 gold pieces
  1335 | D:2      | Reached XP level 4. HP: 33/40 MP: 3/3
  1626 | D:2      | You fall into a shaft and drop 1 floor!
  1712 | D:3      | Identified a scroll of acquirement
  1712 | D:3      | Acquired 791 gold pieces
  1732 | D:3      | Reached XP level 5. HP: 42/47 MP: 4/4
  1804 | D:2      | Bought 3 scrolls of identify for 72 gold pieces
  1804 | D:2      | Bought a scroll of enchant armour for 90 gold pieces
  1804 | D:2      | Bought a scroll of identify for 24 gold pieces
  1804 | D:2      | Bought a scroll of enchant armour for 90 gold pieces
  1804 | D:2      | Bought a scroll of teleportation for 36 gold pieces
  1804 | D:2      | Bought a scroll of magic mapping for 42 gold pieces
  1804 | D:2      | Bought a scroll of fear for 42 gold pieces
  1804 | D:2      | Bought a scroll of fear for 42 gold pieces
  2119 | D:2      | Reached skill level 4 in Maces & Flails
  2241 | D:2      | Reached skill level 5 in Shields
  2366 | D:3      | Reached skill level 5 in Armour
  2515 | D:3      | Reached skill level 5 in Fighting
  2796 | D:3      | Found a shimmering altar of Xom.
  2799 | D:3      | Noticed Jessica
  2811 | D:3      | Killed Jessica
  2812 | D:3      | Reached XP level 6. HP: 48/56 MP: 5/5
  3451 | D:4      | Found a glowing drain.
  3474 | Sewer    | Entered a sewer
  4300 | D:4      | Reached skill level 5 in Maces & Flails
  4470 | D:4      | Reached XP level 7. HP: 62/62 MP: 6/6
  5280 | D:5      | Entered Level 5 of the Dungeon
  5604 | D:5      | Found a bloodstained altar of Trog.
  5617 | D:5      | Reached skill level 6 in Maces & Flails
  5617 | D:5      | Reached skill level 1 in Throwing
  5621 | D:5      | Reached XP level 8. HP: 54/71 MP: 7/7
  5717 | D:5      | Noticed Edmund
  5726 | D:5      | Killed Edmund
  6274 | D:5      | Reached skill level 7 in Maces & Flails
  6438 | D:5      | Found an ornate altar of the Wu Jian Council.
  6562 | D:6      | Found a burning altar of Makhleb.
  6605 | D:6      | You fall into a shaft and drop 1 floor!
  6690 | D:7      | Found a runed translucent door.
  6731 | D:7      | Found a basalt altar of Yredelemnul.
  7297 | D:6      | Noticed a deep elf pyromancer
  7306 | D:6      | Killed a deep elf pyromancer
  7307 | D:6      | Reached skill level 8 in Maces & Flails
  7307 | D:6      | Reached skill level 1 in Dodging
  7307 | D:6      | Reached XP level 9. HP: 58/79 MP: 8/8
  8025 | D:7      | Noticed Dowan
  8046 | D:7      | Noticed Duvessa
  8104 | D:7      | Killed Duvessa
  8424 | D:7      | Killed Dowan
  8550 | D:7      | Reached skill level 9 in Maces & Flails
  8800 | D:7      | Found a staircase to the Ecumenical Temple.
  8809 | Temple   | Entered the Ecumenical Temple
  8816 | Temple   | Became a worshipper of Warmaster Okawaru
  9459 | D:7      | Reached skill level 1 in Crossbows
  9805 | D:8      | Reached * piety under Okawaru
  9886 | D:7      | Reached XP level 10. HP: 37/90 MP: 9/9
 10560 | D:8      | Reached skill level 10 in Maces & Flails
 10806 | D:9      | Noticed a harpy
 10806 | D:9      | a queen bee changed into a harpy
 10810 | D:9      | Killed a harpy
 10810 | D:9      | Reached ** piety under Okawaru
 11001 | D:9      | Noticed a fire dragon
 11029 | D:9      | Killed a fire dragon
 11029 | D:9      | Reached *** piety under Okawaru
 11596 | D:9      | Identified the +1 leather armour of Orthodoxy {-Cast rElec
                  | rC+ Str+4}
 11638 | D:9      | Noticed a two-headed ogre
 11649 | D:9      | Slain by a two-headed ogre

Illustrated notes

Levels and vault maps discovered:
D:1:      lemuel_arrival_river_bridge, layout_loops_ring,
          hellmonk_ecumenical_altar_pennies_from_heaven, minmay_rat_gold_closets
D:2:      layout_loops_ring, serial_shops, shop, cheibrodos_gnoll_hut
D:3:      layout_loops_ring, lemuel_round_altar, minmay_misc_feat_secret_circle,
          serial_bayou_lagoon_a, fountainhead, roderic_lattice_a, uniq_jessica
D:4:      layout_basic, gup_sewer_entry_pipe, st_stairs_10
D:5:      layout_basic, nicolae_wu_jian_wuxing_cycle, trog_ov_bears_minmay,
          uniq_edmund
D:6:      layout_loops_cross, mainiacjoe_overflow_six_doors_small,
          grunt_decor_cap, hangedman_decor_lopped, guppyfry_early_elven_hall
D:7:      layout_basic, dk_yredelemnul_ordeal, temple_hall, minivault_27,
          uniq_duvessa
D:8:      layout_cave_pools, chequers_serial_rivers_micro_c
D:9:      dragon1_lemuel, layout_long_grid, grunt_qazlal_clouds,
          lair_entry_dummy, enter_bailey_3, nzn_random_ring, uniq_prince_ribbit1
Temple:   nicolae_temple_no_exploring_needed

Skill      XL: |  1  2  3  4  5  6  7  8  9 10 |
---------------+-------------------------------+-----
Shields        | 4 5 6 7 8 9 |  9.0
Fighting       | 4 5 6 7 8 9 |  9.0
Armour         | 4 5 6 7 8 9 |  9.0
Maces & Flails | 3 4 5 6 8 9 10 | 10.8
Throwing       | 1 3 |  3.0
Dodging        | 1 3 4 |  4.6
Crossbows      | 1 3 |  3.5

Action                   |  1- 3 |  4- 6 |  7- 9 | 10-12 || total
-------------------------+-------+-------+-------+-------++-------
Melee: Flail             |   100 |   182 |   333 |   107 ||   722
       Headbutt          |    14 |    25 |    70 |    24 ||   133
 Fire: Hand crossbow     |       |       |       |    12 ||    12
Throw: Dart              |       |       |    14 |       ||    14
       Boomerang         |       |       |     6 |       ||     6
Invok: Heroism           |       |       |       |     2 ||     2
Evoke: Wand              |       |       |       |     3 ||     3
  Use: Scroll            |     8 |     5 |    11 |     2 ||    26
       Potion            |       |       |     4 |     2 ||     6
Armor: Scale mail        |    36 |    63 |    17 |       ||   116
       Chain mail        |       |       |    77 |       ||    77
       Plate armour      |       |       |    91 |    40 ||   131
       Skin              |       |       |       |    18 ||    18
Dodge: Dodged            |    25 |    53 |    86 |    17 ||   181
Block: Kite shield       |    46 |   110 |   240 |    68 ||   464
